 Dungeon Crawl Stone Soup version 0.27.1-3-gb3d3a73c9e (webtiles) character file.

Game seed: 16237947728570878179

445 vatarom the Caller (level 7, -2/52 HPs)
             Began as a Merfolk Summoner on Oct 13, 2021.
             Was an Initiate of Ashenzari.
             Slain by a killer bee (6 damage)
             ... on level 5 of the Dungeon.
             The game lasted 00:13:29 (7753 turns).

vatarom the Caller (Merfolk Summoner)               Turns: 7753, Time: 00:13:29

Health: -2/52      AC:  3    Str: 10    XL:     7   Next: 3%
Magic:  6/12       EV: 12    Int: 14    God:    Ashenzari [......]
Gold:   256        SH:  0    Dex: 15    Spells: 6/12 levels left

rFire    + . .     SeeInvis .   j - +0 scythe (venom)
rCold    . . .     Faith    .   (shield currently unavailable)
rNeg     . . .     Spirit   .   k - +1 robe {Will+}
rPois    .         Reflect  .   (no helmet)
rElec    .         Harm     .   (no cloak)
rCorr    .         Rampage  .   (no gloves)
Will     +....                  (no boots)
Stlth    ++........             (no amulet)
HPRegen  0.17/turn              f - ring of protection from fire
MPRegen  0.13/turn              (no ring)

@: lethally poisoned (-2 -> -11)
A: (nimble swimmer 2), mertail, claws 1
a: Renounce Religion


You were on level 5 of the Dungeon.
You worshipped Ashenzari.
Ashenzari was noncommittal.
You visited 2 branches of the dungeon, and saw 6 of its levels.

You collected 256 gold pieces.

Inventory:

Hand Weapons
 j - a +0 scythe of venom (weapon)
Armour
 k - a +1 robe of willpower (worn)
Jewellery
 f - a ring of protection from fire (left claw)
Scrolls
 b - 2 scrolls of identify {@r1}
 c - 2 scrolls of enchant weapon
 e - a scroll of teleportation {@r3}
 g - a scroll of fear
Potions
 d - a potion of flight
 i - a potion of magic


   Skills:
 + Level 3.3 Fighting
 * Level 3.2 Polearms
 - Level 2.6 Dodging
 - Level 2.1 Stealth
 + Level 3.4 Spellcasting
 * Level 6.2 Summonings


You had 6 spell levels left.
You knew the following spells:

 Your Spells              Type           Power      Damage    Failure   Level
a - Summon Small Mammal   Summ           76%        N/A       1%          1
b - Call Imp              Summ           19%        N/A       2%          2
c - Call Canine Familiar  Summ           19%        N/A       4%          3

Your spell library contained the following spells:

 Spells                   Type           Power      Damage    Failure   Level
 Summon Guardian Golem    Hex/Summ       11%        N/A       17%         3
 Summon Lightning Spire   Summ/Air       11%        N/A       50%         4


Dungeon Overview and Level Annotations

Branches:
Dungeon (5/15)             Temple (1/1) D:4

Altars:
Ashenzari
Fedhas
Kikubaaqudgha
Okawaru
Qazlal
Vehumet

Shops:
D:4 ::*

Annotations:
D:3 Robin


Innate Abilities, Weirdness & Mutations

((You are quick and stealthy near water. (Stealth+, EV+, Speed+++)))
Your lower body shifts to a powerful aquatic tail in water.
You have sharp fingernails.


Message History

Your hound closely misses the killer bee.
The killer bee stings your hound!
Your hound is poisoned.
The killer bee poisons your hound!
Your crimson imp blinks!
The killer bee stings you. The killer bee barely misses you.
The killer bee closely misses you. The killer bee stings you.
You are poisoned.
The killer bee poisons you!
You feel sick.
Your hound closely misses the killer bee.
The killer bee barely misses you. The killer bee stings you.
You are more poisoned.
The killer bee poisons you!
You feel very sick. The killer bee barely misses you.
The killer bee stings you.
You are more poisoned.
The killer bee poisons you! The killer bee barely misses you.
The killer bee closely misses you.
You feel very sick. The killer bee closely misses you.
Your hound completely misses the killer bee.
You feel very sick. The killer bee stings you.
The killer bee stings you but does no damage.
You barely miss the killer bee.
* * * LOW HITPOINT WARNING * * *
You feel very sick. The killer bee barely misses you.
The killer bee stings you.
* * * LOW HITPOINT WARNING * * *
Your hound bites the killer bee.
The killer bee barely misses you. The killer bee misses you.
The killer bee closely misses you.
Your hound bites the killer bee.
The killer bee stings your hound.
Your hound dies!
Your hound's corpse disappears in a puff of smoke!
The killer bee stings you.
* * * LOW HITPOINT WARNING * * *
Your crimson imp blinks!
The killer bee stings you.
You die...

### ....# #<####.... ...
#####....#...##....
...#.y#.#..........
#######.#.@..#.#........
..........yyy#...(......
######.#..#n§..........
########.#..#...5.§......
...(........#............
########.##.#.#........>.
###.##.#.#..........
#......#.#.#........
########.#n#.###....


You could see a necrophage, 4 killer bees and a friendly crimson imp (summoned).

Vanquished Creatures
  An orc priest (D:4)
  An adder (D:3)
  An adder skeleton (D:4)
  2 dart slugs (D:2)
  8 orcs
  6 ball pythons
  3 bats
  6 endoplasms
  12 goblins
  2 hobgoblins
  4 quokkas
  3 frilled lizards
  7 kobolds
  4 rats
60 creatures vanquished.

Vanquished Creatures (collateral kills)
  Sigmund (D:4)
  An ogre (D:4)
  Blork the orc (D:4)
  A howler monkey (D:1)
  An orc priest (D:4)
  An iguana (D:2)
  An orc wizard (D:4)
  3 adders
  An ufetubus (D:4)
  2 worms (D:2)
  7 orcs
  6 ball pythons
  4 bats
  4 endoplasms
  4 giant cockroaches
  11 goblins
  4 hobgoblins
  4 jackals (D:2)
  2 frilled lizards (D:1)
  2 kobolds (D:1)
  4 rats
  A spectral hobgoblin (D:3)
66 creatures vanquished.

Grand Total: 126 creatures vanquished

Notes
Turn   | Place    | Note
-------+----------+-------------------------------------------
     0 | D:1      | vatarom the Merfolk Summoner began the quest for the Orb.
     0 | D:1      | Reached XP level 1. HP: 13/13 MP: 3/3
   446 | D:1      | Reached XP level 2. HP: 20/20 MP: 5/5
   462 | D:1      | Learned a level 2 spell: Call Imp
   898 | D:1      | Reached skill level 1 in Fighting
  1244 | D:1      | Reached XP level 3. HP: 24/26 MP: 0/6
  1366 | D:1      | Learned a level 3 spell: Call Canine Familiar
  2111 | D:2      | Reached XP level 4. HP: 32/32 MP: 2/7
  2490 | D:2      | Reached skill level 5 in Summonings
  3516 | D:3      | Noticed Robin
  3539 | D:3      | Reached XP level 5. HP: 20/38 MP: 0/9
  3542 | D:3      | Gained mutation: You have sharp fingernails. [potion of
                  | mutation]
  3980 | D:3      | Reached skill level 1 in Polearms
  4120 | D:3      | Found a faded altar of an unknown god.
  4593 | D:3      | Found a stormy altar of Qazlal.
  5132 | D:4      | Noticed an ogre
  5134 | D:4      | Noticed Blork the orc
  5549 | D:4      | Found Juuts's Assorted Antiques.
  5611 | D:4      | Found a blossoming altar of Fedhas.
  5622 | D:4      | Found Amirgh's Book Shoppe.
  5625 | D:4      | Found Diolluah's Book Emporium.
  5870 | D:4      | Found an ancient bone altar of Kikubaaqudgha.
  5966 | D:4      | HP: 1/38 [orc priest/divine providence (7)]
  6463 | D:4      | Killed an ogre
  6464 | D:4      | Reached XP level 6. HP: 39/46 MP: 1/10
  6560 | D:4      | Found a staircase to the Ecumenical Temple.
  6574 | Temple   | Entered the Ecumenical Temple
  6580 | Temple   | Became a worshipper of Ashenzari the Shackled
  6617 | D:4      | Noticed Sigmund
  6632 | D:4      | Killed Sigmund
  6633 | D:4      | Reached skill level 6 in Summonings
  7229 | D:4      | HP: 2/47 [Blork the orc (10)]
  7230 | D:4      | Killed Blork the orc
  7231 | D:4      | Reached XP level 7. HP: 2/52 MP: 7/12
  7662 | D:5      | Entered Level 5 of the Dungeon
  7753 | D:5      | Slain by a killer bee

Illustrated notes

Levels and vault maps discovered:
D:1:      matt_arrival_refuge, layout_basic, minivault_25
D:2:      layout_rooms, guppyfry_early_orc_mine
D:3:      layout_basic, marbit_many_paths,
          dreamdust_ecumenical_altar_drowned_temple, minmay_diced_spiral,
          uniq_robin
D:4:      layout_loops_corners, mainiacjoe_overflow_six_doors_small,
          fedhas_ov_isle_minmay, minmay_temple_entry_arrows, serial_shops,
          shop_coins, nicolae_shop_crystal, shop, uniq_blork_the_orc,
          uniq_sigmund
D:5:      layout_basic, mainiacjoe_overflow_small_starburst
Temple:   nicolae_temple_hex_pool

Skill      XL: |  1  2  3  4  5  6 |
---------------+-------------------+-----
Fighting       | 1 2 3 |  3.3
Summonings     | 5 6 |  6.2
Polearms       | 2 3 |  3.2
Spellcasting   | 3 |  3.4
Dodging        | |  2.6
Stealth        | |  2.1

Action                   |  1- 3 |  4- 6 |  7- 9 || total
-------------------------+-------+-------+-------++-------
Melee: Dagger            |    91 |    39 |       ||   130
       Unarmed           |     1 |       |       ||     1
       Spear             |       |   208 |       ||   208
       Tailslap          |       |     1 |       ||     1
       Scythe            |       |    16 |     1 ||    17
 Cast: Summon Small Mamm |     6 |     3 |       ||     9
       Call Imp          |    24 |    32 |     3 ||    59
       Call Canine Famil |     1 |    18 |     3 ||    22
  Use: Potion            |     1 |     7 |       ||     8
       Scroll            |       |     4 |       ||     4
 Stab: Sleeping          |     2 |     7 |       ||     9
       Distracted        |       |     1 |       ||     1
       Fleeing           |       |     1 |       ||     1
Armor: Robe              |    23 |    38 |     2 ||    63
Dodge: Dodged            |    71 |   150 |    11 ||   232
